 Dungeon Crawl Stone Soup version 0.30-a0-223-gcb0039aa0c (webtiles) character file.

Game seed: 11817601529525758791

436 qw the Shield-Bearer (level 7, -1/43 HPs)
             Began as a Gargoyle Fighter on Oct 9, 2022.
             Slain by Pikel
             ... wielding a +1 whip of flaming
              (2 damage)
             ... on level 5 of the Dungeon.
             The game lasted 00:01:29 (2930 turns).

qw the Shield-Bearer (Gargoyle Fighter)             Turns: 2930, Time: 00:01:30

Health: -1/43      AC: 15    Str: 21    XL:     7   Next: 1%
Magic:  7/7        EV:  6    Int:  9    God:
Gold:   306        SH:  8    Dex:  9    Spells: 6/6 levels left

rFire   . . .      SeeInvis .    h - +0 war axe (vamp)
rCold   . . .      Faith    .    g - +0 kite shield
rNeg    + . .      Spirit   .    k - +0 chain mail
rPois   inf        Reflect  .    b - +2 hat
rElec   +          Harm     .    (no cloak)
rCorr   .          Rampage  .    (no gloves)
Will    .....                    (no boots)
Stlth   ..........               (no amulet)
HPRegen 0.27/turn                (no ring)
MPRegen 0.10/turn                (no ring)

@: about to teleport
A: sickness immunity, AC +4, negative energy resistance 1, electricity
resistance, torment resistance 1, petrification resistance
a: no special abilities


You were on level 5 of the Dungeon.
You visited 1 branch of the dungeon, and saw 5 of its levels.

You collected 306 gold pieces.


Innate Abilities, Weirdness & Mutations

You are immune to sickness and miasma.
Your stone body is resilient. (AC +4)
You are immune to poison.
You resist negative energy. (rN+)
You are resistant to electric shocks. (rElec)
You are resistant to unholy torment.
You are immune to petrification.


   Skills:
 - Level 4.0 Fighting
 + Level 5.0 Axes
 - Level 1.2 Throwing
 - Level 3.2 Armour
 - Level 5.3 Shields


You had 6 spell levels left.
You didn't know any spells.
Your spell library was empty.

Inventory:

Hand Weapons
 h - a +0 vampiric war axe (weapon)
 i - a +5 morningstar
Armour
 b - a +2 hat (worn)
 g - a +0 kite shield (worn)
 k - a +0 chain mail (worn)
Scrolls
 f - a scroll of identify
 q - a scroll of torment {unknown}
 r - a scroll of amnesia {unknown}
Potions
 c - a potion of brilliance {unknown}
 d - a potion of might
 e - a potion of mutation {unknown}
 l - 4 potions of berserk rage {unknown}
 m - a potion of attraction {unknown}
 n - a potion of cancellation
 o - a potion of curing

Dungeon Overview and Level Annotations

Branches:
Dungeon (5/15)
 Temple: D:4-7

Altars:
Nemelex Xobeh

Shops:
D:1 [

Annotations:
D:2 1 runed translucent door, Crazy Yiuf
D:5 Pikel


Message History

The lemure is lightly wounded.
You closely miss the lemure.
The lemure shouts!
You block the lemure's attack.
The gnoll hits you from afar with a +0 spear.
The lemure hits you.
You barely miss the lemure.
The lemure is lightly wounded.
You barely miss Pikel. You hit the lemure.
The lemure hits you but does no damage. You block the lemure's attack.
Pikel hits you but does no damage. The gnoll hits you but does no damage.
The lemure barely misses you. Pikel hits you but does no damage.
The gnoll hits you from afar with a +0 spear.
You block the lemure's attack. The gnoll barely misses you.
You barely miss the gnoll.
The gnoll is heavily wounded.
You hit the lemure but do no damage. You closely miss Pikel.
You barely miss the lemure. The gnoll hits you but does no damage.
You block the gnoll's attack. You block the lemure's attack.
Pikel hits you with a +1 whip of flaming.
Pikel burns you.
You hit the gnoll but do no damage.
The gnoll is heavily wounded.
You miss the lemure. You barely miss Pikel. You closely miss the lemure.
You hit the lemure but do no damage.
The lemure hits you but does no damage. x2; You block the lemure's attack.
Pikel hits you with a +1 whip of flaming.
Pikel burns you. The gnoll hits you with a +0 whip.
The gnoll hits you but does no damage. The lemure hits you but does no damage.
Pikel hits you but does no damage. You block the lemure's attack.
The lemure hits you!
The gnoll hits you but does no damage. x2
2930 ||| READING scroll of teleportation.
As you read the scroll of teleportation, it crumbles to dust.
You feel strangely unstable. The gnoll hits you with a +0 whip!
The gnoll hits you from afar with a +0 spear.
You block the lemure's attack. x2
Pikel hits you with a +1 whip of flaming.
You die...

.....g).# #..# ## #..##.(#
#.. ###.))...# #~~~
#......##..#
#...######....#..##
....g#.##..........#
.................g........###
..............K5g%....##.# .
............5.@.###..# ##
.##............55...#.##
#........###........###
....^.....##........##
..................>.[##
......................#
#.......[............##
...........#........##
#........###......###


You could see Pikel, 4 lemures and 3 gnolls.

Vanquished Creatures
  3 hounds
  An orc priest (D:3)
  Ijyb (D:3)
  Natasha (thrice) (D:2)
  4 gnolls (D:5)
  8 adders
  3 worms (D:2)
  A dart slug (D:2)
  12 orcs
  7 bats
  5 endoplasms
  3 giant cockroaches
  5 goblins
  10 hobgoblins
  2 jackals (D:3)
  4 quokkas
  6 ball pythons
  3 frilled lizards
  6 kobolds
  5 rats
92 creatures vanquished.

Notes
Turn   | Place    | Note
-------+----------+-------------------------------------------
     0 | D:1      | qw the Gargoyle Fighter began the quest for the Orb.
     0 | D:1      | Reached XP level 1. HP: 14/14 MP: 1/1
     0 | D:1      | 0 ||| qw: Version: 0.2-a-17-g06abaee
     0 | D:1      | 0 ||| qw: Game counter: 2068
     0 | D:1      | 0 ||| qw: Always use a shield: true
     0 | D:1      | 0 ||| qw: God list: Okawaru
     0 | D:1      | 0 ||| qw: Allow faded altars: false
     0 | D:1      | 0 ||| qw: Do Orc after D:15 true
     0 | D:1      | 0 ||| qw: Do second Lair branch before Depths: true
     0 | D:1      | 0 ||| qw: Lair rune preference: random
     0 | D:1      | 0 ||| qw: Plans: Normal, Zot:1-4, God:TSO, Crypt, Tomb,
                  | Pan, Slime:5, Hells, Abyss, Orb
     0 | D:1      | 0 ||| PLANNING D:1-11
   145 | D:1      | Found Zimnuo's Armour Boutique.
   154 | D:1      | 154 ||| SHOPLISTING +1 pair of boots (138 gold, have 21).
   174 | D:1      | Reached XP level 2. HP: 18/19 MP: 2/2
   462 | D:1      | 462 ||| Stepping ~*~*~tactically~*~*~ (stealth).
   463 | D:1      | 463 ||| Stepping ~*~*~tactically~*~*~ (stealth).
   466 | D:1      | 466 ||| Stepping ~*~*~tactically~*~*~ (stealth).
   590 | D:1      | Found a faded altar of an unknown god.
   651 | D:1      | 651 ||| READING scroll labelled ULLYTT AZUL.
   652 | D:1      | 652 ||| READING scroll labelled MAKKOXZ ABOU.
   653 | D:1      | 653 ||| READING scroll labelled LORABYG RESCHO.
   654 | D:1      | 654 ||| READING scroll labelled TYIRAOCOHO.
   659 | D:1      | 659 ||| READING scroll labelled VIYKEJ PAMEXT.
   660 | D:1      | 660 ||| DRINKING 2 cyan potions.
   767 | D:2      | Reached skill level 3 in Axes
   769 | D:2      | 769 ||| DROPPING +0 club.
   771 | D:2      | 771 ||| Stepping ~*~*~tactically~*~*~ (stealth).
   786 | D:2      | Reached XP level 3. HP: 23/23 MP: 3/3
   985 | D:2      | Reached XP level 4. HP: 28/28 MP: 4/4
  1036 | D:2      | Noticed Natasha
  1049 | D:2      | Killed Natasha
  1268 | D:2      | Noticed Natasha
  1277 | D:2      | HP: 6/28 [white imp/puff of frost[Natasha] (12)]
  1278 | D:2      | 1278 ||| READING 2 scrolls of teleportation.
  1279 | D:2      | 1279 ||| DRINKING potion of heal wounds.
  1281 | D:2      | Killed Natasha
  1282 | D:2      | Reached XP level 5. HP: 32/32 MP: 5/5
  1288 | D:2      | Noticed Natasha
  1289 | D:2      | 1289 ||| Stepping ~*~*~tactically~*~*~ (hiding).
  1291 | D:2      | 1291 ||| Stepping ~*~*~tactically~*~*~ (hiding).
  1298 | D:2      | Killed Natasha
  1430 | D:2      | Found a runed translucent door.
  1431 | D:2      | Noticed Crazy Yiuf
  1665 | D:2      | 1665 ||| UPGRADING to +0 kite shield.
  1675 | D:2      | 1675 ||| DROPPING +0 buckler.
  1676 | D:2      | 1676 ||| READING scroll labelled TASUTU HAIRE.
  1677 | D:2      | 1677 ||| READING scroll labelled OSEC CEUGRU.
  1678 | D:2      | 1678 ||| READING scroll labelled DAGGOO LONLE.
  1679 | D:2      | 1679 ||| DRINKING 2 coppery potions.
  1748 | D:3      | 1748 ||| Stepping ~*~*~tactically~*~*~ (stealth).
  1751 | D:3      | 1751 ||| Stepping ~*~*~tactically~*~*~ (stealth).
  1816 | D:3      | 1816 ||| Stepping ~*~*~tactically~*~*~ (hiding).
  1819 | D:3      | 1819 ||| Stepping ~*~*~tactically~*~*~ (hiding).
  1828 | D:3      | 1828 ||| Stepping ~*~*~tactically~*~*~ (hiding).
  1831 | D:3      | 1831 ||| Stepping ~*~*~tactically~*~*~ (hiding).
  1832 | D:3      | 1832 ||| Stepping ~*~*~tactically~*~*~ (hiding).
  1914 | D:3      | Noticed Ijyb
  1915 | D:3      | 1915 ||| Stepping ~*~*~tactically~*~*~ (hiding).
  1916 | D:3      | 1916 ||| Stepping ~*~*~tactically~*~*~ (hiding).
  1932 | D:3      | Killed Ijyb
  2017 | D:3      | Reached XP level 6. HP: 37/37 MP: 6/6
  2213 | D:3      | 2213 ||| UPGRADING to +0 chain mail.
  2223 | D:3      | 2223 ||| DROPPING +0 scale mail.
  2224 | D:3      | 2224 ||| READING 2 scrolls of identify.
  2224 | D:3      | 2224 ||| IDENTIFYING bubbling yellow potion
  2225 | D:3      | 2225 ||| DROPPING potion of flight.
  2315 | D:4      | 2315 ||| Stepping ~*~*~tactically~*~*~ (hiding).
  2501 | D:4      | 2501 ||| Stepping ~*~*~tactically~*~*~ (stealth).
  2503 | D:4      | 2503 ||| Stepping ~*~*~tactically~*~*~ (stealth).
  2530 | D:4      | Found a sparkling altar of Nemelex Xobeh.
  2750 | D:4      | 2750 ||| UPGRADING to +1 hat.
  2755 | D:4      | 2755 ||| READING scroll of enchant armour.
  2755 | D:4      | 2755 ||| ENCHANTING +1 hat.
  2756 | D:4      | 2756 ||| DRINKING 2 fuming dark potions.
  2783 | D:5      | Entered Level 5 of the Dungeon
  2808 | D:5      | Reached skill level 1 in Throwing
  2901 | D:5      | HP: 8/38 [gnoll/+0 spear[a gnoll sergeant] (3)]
  2902 | D:5      | 2902 ||| READING 2 scrolls of teleportation.
  2903 | D:5      | 2903 ||| DRINKING potion of heal wounds.
  2922 | D:5      | Noticed Pikel
  2924 | D:5      | Reached XP level 7. HP: 31/43 MP: 7/7
  2929 | D:5      | HP: 9/43 [lemure[Pikel] (7)]
  2930 | D:5      | 2930 ||| READING scroll of teleportation.
  2930 | D:5      | HP: 2/43 [gnoll/+0 whip[a gnoll sergeant] (7)]
  2930 | D:5      | Slain by Pikel

Levels and vault maps discovered:
D:1:      scummos_arrival_simple_fountains, layout_basic,
          dreamdust_ecumenical_altar_hidden_monk_grotto, serial_shops, shop,
          grunt_decor_arrowhead
D:2:      minmay_general_purpose_star, layout_basic, kennysheep_generic_room_3,
          uniq_crazy_yiuf_cottage, uniq_natasha
D:3:      layout_basic, hangedman_abyss_or_decor_lesser_grid, uniq_ijyb
D:4:      layout_basic, kennysheep_little_box
D:5:      layout_cave_pools, chequers_serial_rivers_micro_b,
          lightli_church_of_beogh, uniq_pikel

Skill      XL: |  1  2  3  4  5  6 |
---------------+-------------------+-----
Axes           | 2 3 4 5 |  5.0
Shields        | 4 5 |  5.3
Throwing       | 1 |  1.2
Fighting       | 4 |  4.0
Armour         | |  3.2

Action                   |  1- 3 |  4- 6 |  7- 9 || total
-------------------------+-------+-------+-------++-------
Melee: War axe           |   101 |   182 |     5 ||   288
Throw: Boomerang         |       |     4 |       ||     4
       Javelin           |       |    16 |       ||    16
  Use: Scroll            |     5 |     7 |     1 ||    13
       Potion            |     1 |     4 |       ||     5
Armor: Scale mail        |    57 |    44 |       ||   101
       Chain mail        |       |    92 |    16 ||   108
Dodge: Dodged            |    47 |    58 |     3 ||   108
Block: Buckler           |    15 |    11 |       ||    26
       Kite shield       |       |    70 |    10 ||    80

Table legend:
 A = Non-vault XP
 B = Vault XP
 C = Vault XP percentage of total XP
 D = Non-vault monster count
 E = Vault monster count
 F = Vault count percentage of total count
                 A         B        C        D         E       F
            +---------+---------+-------+---------+---------+-------
      Total |     542 |      81 |  13.0 |      86 |       6 |   6.5
            +---------+---------+-------+---------+---------+-------
        D:1 |      22 |       0 |   0.0 |      14 |       0 |   0.0
        D:2 |     142 |      45 |  24.1 |      19 |       5 |  20.8
        D:3 |      77 |      36 |  31.9 |      19 |       1 |   5.0
        D:4 |     141 |       0 |   0.0 |      26 |       0 |   0.0
        D:5 |     160 |       0 |   0.0 |       8 |       0 |   0.0
            +---------+---------+-------+---------+---------+-------
